 Dungeon Crawl Stone Soup version 0.29-a0-119-g4040846114 (webtiles) character file.

Game seed: 14959952488079013470

743 drugrobin the Poker (level 7, 0/57 HPs)
             Began as a Demigod Warper on Feb 20, 2022.
             Succumbed to a water moccasin's poison
             ... on level 4 of the Dungeon.
             The game lasted 00:24:21 (7800 turns).

drugrobin the Poker (Demigod Warper)                Turns: 7800, Time: 00:24:22

Health: 0/57       AC:  4    Str: 20    XL:     7   Next: 23%
Magic:  8/12       EV: 11    Int: 15    God:
Gold:   44         SH:  5    Dex: 13    Spells: 3/9 levels left

rFire   . . .      SeeInvis .   c - +0 halberd
rCold   . . .      Faith    .   (shield currently unavailable)
rNeg    . . .      Spirit   .   j - +0 leather armour
rPois   .          Reflect  +   w - +0 helmet
rElec   .          Harm     .   (no cloak)
rCorr   .          Rampage  .   (no gloves)
Will    .....                   (no boots)
Stlth   +.........              A - amulet of reflection
HPRegen 0.19/turn               (no ring)
MPRegen 0.13/turn               (no ring)

@: brilliant, lethally poisoned (0 -> -10), attractive
A: high MP 1, forlorn, divine attributes
a: no special abilities


You were on level 4 of the Dungeon.
You visited 1 branch of the dungeon, and saw 5 of its levels.

You collected 239 gold pieces.
You spent 195 gold pieces at shops.

Inventory:

Hand Weapons
 a - a +0 spear
 b - a +0 hunting sling
 c - a +0 halberd (weapon)
Missiles
 d - 5 boomerangs of dispersal
 e - 18 sling bullets
 f - 48 stones
 g - 27 arrows
 n - 6 boomerangs (quivered)
Armour
 h - a +0 scale mail
 j - a +0 leather armour (worn)
 w - a +0 helmet (worn)
 x - the +6 chain mail of the Blind Marksman {Harm +Inv}
   (You found it on level 3 of the Dungeon)

   +Inv:      It lets you turn invisible.
   Harm:      It increases damage dealt and taken.
Jewellery
 A - an amulet of reflection (around neck)
Wands
 u - a wand of digging (5)
 G - a wand of paralysis (1)
Scrolls
 i - 3 scrolls of magic mapping {unknown}
 k - 2 scrolls of torment {unknown}
 l - 2 scrolls of identify {unknown}
 m - 2 scrolls of blinking
 q - 2 scrolls of teleportation {unknown}
 s - a scroll of enchant armour {unknown}
 y - a scroll of fog {unknown}
 D - a scroll of fear {unknown}
 E - a scroll of noise {unknown}
 F - a scroll of enchant weapon {unknown}
Potions
 o - a potion of attraction
 p - a potion of brilliance
 t - a potion of lignification {unknown}
 v - a potion of mutation {unknown}
 z - a potion of might {unknown}
 B - a potion of haste
 C - a potion of berserk rage


   Skills:
 + Level 3.0 Fighting
 * Level 5.4 Polearms
 - Level 0.8 Throwing
 - Level 0.8 Armour
 - Level 1.7 Dodging
 - Level 1.7 Spellcasting
 - Level 3.0 Necromancy
 - Level 4.5 Translocations


You had 3 spell levels left.
You knew the following spells:

 Your Spells              Type           Power      Damage    Failure   Level
a - Blink                 Tloc           44%        N/A       6%          2
b - Teleport Other        Tloc           22%        N/A       12%         3
c - Animate Skeleton      Necr           30%        N/A       8%          1

Your spell library contained the following spells:

 Spells                   Type           Power      Damage    Failure   Level
 Pain                     Necr           60%        1d7       8%          1
 Gell's Gravitas          Tloc           22%        N/A       12%         3
 Lesser Beckoning         Tloc           22%        N/A       12%         3
 Vampiric Draining        Necr           15%        2d7       24%         3
 Tukima's Dance           Hex            1%         N/A       63%         3
 Manifold Assault         Tloc           22%        N/A       75%         5
 Anguish                  Hex/Necr       4%         N/A       82%         4
 Enfeeble                 Hex            0%         N/A       100%        7


Dungeon Overview and Level Annotations

Branches:
Dungeon (5/15)             Temple (0/1) D:4

Shops:
D:4 **


Innate Abilities, Weirdness & Mutations

You have an increased reservoir of magic. (+10% MP)
You shall have no god before yourself.
Your divine heritage dramatically boosts your attributes as you level up.


Message History

Press: ? - help, Shift-Dir - straight line, f/p - water moccasin
Aim: a water moccasin (severely wounded, chance to affect: 54%)
Okay, then.
Unknown command.
Casting: Teleport Other (dangerous; 12% risk of failure)
Confirm with . or Enter, or press ? or * to list all spells.
You blink.
* * * LOW HITPOINT WARNING * * *
You feel very sick.
Unknown command.
Unknown command.
Aiming: Paralyse
Press: ? - help, Shift-Dir - straight line, f/p - water moccasin
Aim: a water moccasin (severely wounded, chance to affect: 49%)
The water moccasin suddenly stops moving!
* * * LOW HITPOINT WARNING * * *
You feel very sick.
Unknown command.
Reach: c) +0 halberd
Press: ? - help, Dir - move target, f/p - water moccasin
Aim: a water moccasin (severely wounded, paralysed, about 2% to evade your +0 halberd)
You reach to attack!
The helpless water moccasin fails to defend itself.
You hit the water moccasin.
The water moccasin is almost dead.
* * * LOW HITPOINT WARNING * * *
You feel very sick.
Unknown command.
Unknown command.
It was a potion of attraction.
You feel attractive to monsters.
* * * LOW HITPOINT WARNING * * *
You feel very sick.
The water moccasin is attracted toward you.
Okay, then.
Unknown command.
Unknown command.
It was a potion of brilliance.
You feel clever all of a sudden.
You feel stable enough to blink again.
You die...

....##.## #.....#....#
........# #.....#....#
........#
#.#..<#....######
###.....#
#.#.#.#....#....# #.....#
#.#.#.#.........#....
#######
#.#.#.#.........#....
#.#.#.#.........# #..
#####.#.#.#....)...## #..
#.......@.#........# #..
#.......S(#........####..
#.......ยง.#...........#..
#.........##.......##.#..
#.....(............##.#..
#....(....)........##.#..
#...(.............###.#..
#..........(......# #.#..
#.........####.#### #.###


You could see a water moccasin (paralysed).

Vanquished Creatures
  2 necrophages (D:4)
  2 scorpions (D:4)
  A jelly (D:4)
  A centaur zombie (D:4)
  An orc priest (D:3)
  A bullfrog skeleton (D:5)
  A gnoll shaman (D:3)
  Jessica (D:3)
  An iguana (D:4)
  2 orc wizards (D:3)
  6 gnolls
  6 adders
  A worm (D:4)
  2 dart slugs
  11 orcs
  5 ball pythons
  3 endoplasms
  3 giant cockroaches
  9 goblins
  7 hobgoblins
  A quokka (D:4)
  4 bats
  A frilled lizard (D:2)
  4 kobolds
  3 rats (D:2)
79 creatures vanquished.

Vanquished Creatures (others)
  5 fungi (D:1)
  4 plants (D:4)
9 creatures vanquished.

Grand Total: 88 creatures vanquished

Notes
Turn   | Place    | Note
-------+----------+-------------------------------------------
     0 | D:1      | drugrobin the Demigod Warper began the quest for the Orb.
     0 | D:1      | Reached XP level 1. HP: 17/17 MP: 5/5
   152 | D:1      | Reached skill level 2 in Polearms
   884 | D:1      | Reached XP level 2. HP: 21/24 MP: 7/7
   888 | D:1      | Learned a level 2 spell: Blink
  1054 | D:1      | Reached skill level 3 in Polearms
  1071 | D:1      | You fall into a shaft and drop 1 floor!
  1109 | D:2      | Reached XP level 3. HP: 24/29 MP: 8/8
  1707 | D:1      | Learned a level 3 spell: Teleport Other
  2600 | D:2      | Reached XP level 4. HP: 36/36 MP: 9/9
  2649 | D:2      | Learned a level 1 spell: Animate Skeleton
  3135 | D:3      | Reached skill level 1 in Necromancy
  3750 | D:3      | Noticed Jessica
  3752 | D:3      | Killed Jessica
  3753 | D:3      | Reached XP level 5. HP: 41/41 MP: 10/10
  3943 | D:3      | Identified the +6 chain mail of the Blind Marksman {Harm
                  | +Inv}
  4042 | D:4      | Found a staircase to the Ecumenical Temple.
  4339 | D:4      | Reached skill level 4 in Polearms
  4937 | D:4      | Found Zaef's General Store.
  4945 | D:4      | Bought a potion of haste for 130 gold pieces
  4945 | D:4      | Bought a potion of berserk rage for 65 gold pieces
  4958 | D:4      | Noticed a necrophage
  4981 | D:4      | Killed a necrophage
  4982 | D:4      | Reached XP level 6. HP: 43/48 MP: 5/11
  5301 | D:4      | Noticed a water moccasin
  5301 | D:4      | Noticed a water moccasin
  5573 | D:4      | Found Lorud's Serpentskin Sales.
  6048 | D:5      | Entered Level 5 of the Dungeon
  6202 | D:4      | Reached skill level 5 in Polearms
  6202 | D:4      | Reached XP level 7. HP: 12/56 MP: 10/12
  7800 | D:4      | Succumbed to a water moccasin's poison

Illustrated notes

Levels and vault maps discovered:
D:1:      saegor_arrival_simple_c, layout_basic, serial_forest,
          infiniplex_forest_corner_1, infiniplex_forest_straight_2,
          infiniplex_forest_fountain, infiniplex_forest_clump_medium,
          minmay_shallow_snake_nest
D:2:      layout_basic
D:3:      layout_basic, uniq_jessica
D:4:      layout_basic, minmay_temple_entry_overgrown, serial_shops,
          nicolae_shop_statue_plus, guppyfry_shop_venom
D:5:      layout_loops_corners, grunt_temple_overflow_octagram,
          mainiacjoe_overflow_surrounded_room, uniq_eustachio, uniq_sigmund,
          uniq_edmund

Skill      XL: |  1  2  3  4  5  6  7 |
---------------+----------------------+-----
Polearms       | 2 3 4 5 |  5.4
Fighting       | 2 3 |  3.0
Translocations | 3 4 |  4.5
Necromancy     | 1 2 3 |  3.0
Throwing       | |  0.8
Armour         | |  0.8
Dodging        | |  1.7
Spellcasting   | |  1.7

Action                   |  1- 3 |  4- 6 |  7- 9 || total
-------------------------+-------+-------+-------++-------
Melee: Spear             |    81 |   147 |    16 ||   244
       Punch             |     1 |     2 |       ||     3
       Halberd           |       |       |     9 ||     9
 Fire: Hunting sling     |    43 |    87 |    36 ||   166
Throw: Stone             |    11 |       |       ||    11
       Dart              |       |     3 |       ||     3
       Throwing net      |       |     1 |       ||     1
 Cast: Blink             |     5 |    10 |     7 ||    22
       Animate Skeleton  |       |     2 |       ||     2
       Teleport Other    |       |     9 |     3 ||    12
Evoke: Wand              |       |     3 |     7 ||    10
  Use: Potion            |       |       |     2 ||     2
 Stab: Sleeping          |     2 |       |       ||     2
       Paralysed         |       |     8 |     7 ||    15
Armor: Scale mail        |     8 |       |       ||     8
       Leather armour    |    15 |    68 |     8 ||    91
       Chain mail        |       |     4 |       ||     4
Dodge: Dodged            |    39 |   108 |    18 ||   165
Block: Other             |       |    21 |     9 ||    30

Table legend: (Time is in decaauts)
 A = Elapsed time spent in this place.
 B = Non-inter-level travel time spent in this place.
 C = Inter-level travel time spent in this place.
 D = Time resting spent in this place.
 E = Time spent auto-exploring this place.
 F = Levels seen in this place.
 G = Mean time per level.
                   A        B        C        D        E       F      G
               +--------+--------+--------+--------+--------+-----+--------+
         Total |   7791 |   7210 |    581 |   2312 |   2637 |   5 | 1558.2 |
       Dungeon |   7791 |   7210 |    581 |   2312 |   2637 |   5 | 1558.2 |
               +--------+--------+--------+--------+--------+-----+--------+

Top non-repeatable levels by time:
     D:4: 2708 daAuts
     D:3: 2269 daAuts
     D:1: 1685 daAuts
     D:2: 997 daAuts
     D:5: 129 daAuts
